 Dungeon Crawl Stone Soup version 0.25-a0-699-g25a338df49 (webtiles) character file.

Game seed: 9117026994232405511, levelgen mode: deterministic

6792 Hastur the Blocker (level 10, -1/93 HPs)
             Began as a White Draconian Artificer on Apr 2, 2020.
             Was an Initiate of Gozag.
             Slain by an unseen horror (3 damage)
             ... on level 10 of the Dungeon.
             The game lasted 00:39:17 (15243 turns).

Hastur the Blocker (White Draconian Artificer)     Turns: 15243, Time: 00:39:18

Health: -1/93      AC: 11    Str: 13 (16) XL:     10   Next: 76%
Magic:  14/14      EV: 11    Int: 12 (14) God:    Gozag
Gold:   604        SH: 11    Dex:  8 (11) Spells: 9/9 levels left

rFire    . . .     SeeInvis .   a - +2 short sword (venom)
rCold    + . .     Gourm    .   O - +0 kite shield
rNeg     . . .     Faith    .   (armour unavailable)
rPois    .         Spirit   .   (helmet restricted)
rElec    .         Reflect  .   J - +0 cloak
rCorr    .         Harm     .   G - +0 pair of gloves
MR       .....                  h - +1 pair of boots
Stlth    +.........             (no amulet)
HPRegen  0.25/turn              (no ring)
MPRegen  0.14/turn              (no ring)

@: no status effects
A: breathe frost, unfitting armour, cold resistance 1, cold-blooded, AC +7
a: Breathe Frost, Potion Petition, Call Merchant, Bribe Branch, Renounce
Religion


You were on level 10 of the Dungeon.
You worshipped Gozag.
Gozag was pleased with you.
You were very hungry.

You visited 2 branches of the dungeon, and saw 11 of its levels.

You collected 1354 gold pieces.
You spent 139 gold pieces at shops.
You paid 611 gold pieces to Gozag.

Inventory:

Hand Weapons
 a - a +2 short sword of venom (weapon)
 b - a +2 whip of freezing
 l - a +0 vorpal quarterstaff
 u - a +0 hunting sling
 v - a +3 flail of holy wrath
 H - a +0 trident
Missiles
 i - 90 sling bullets
 k - 160 arrows
 n - 22 poisoned darts (quivered)
 p - 5 javelins
 q - 257 stones
Armour
 h - a +1 pair of boots (worn)
 G - a +0 pair of gloves (worn)
 J - a +0 cloak (worn)
 O - a +0 kite shield (worn)
Jewellery
 z - an uncursed ring of fire
Wands
 c - a wand of enslavement (2)
 d - a wand of random effects (42)
 m - a wand of flame (2)
 C - a wand of iceblast (5)
 P - a wand of disintegration (3)
Scrolls
 e - 6 scrolls of identify
 j - 4 scrolls of enchant armour
 t - 2 scrolls of remove curse
 w - a scroll of immolation {unknown}
 x - 4 scrolls of enchant weapon
 y - 2 scrolls of amnesia
 B - a scroll of brand weapon {unknown}
 D - a scroll of fog {unknown}
 E - a scroll of noise {unknown}
 I - 2 scrolls of magic mapping {unknown}
 M - 2 scrolls of holy word {unknown}
Potions
 g - 4 potions of flight
 o - 2 potions of stabbing
 r - a potion of might
 s - a potion of resistance
 F - a potion of berserk rage {unknown}
 L - a potion of curing {unknown}
 N - a potion of ambrosia {unknown}
Comestibles
 f - 8 rations


   Skills:
 - Level 10.1 Fighting
 - Level 1.0 Short Blades
 - Level 1.7 Dodging
 - Level 0.8 Stealth
 + Level 12.3 Shields
 - Level 6.0 Evocations


You had 9 spell levels left.
You didn't know any spells.
Your spell library contained the following spells:

 Spells                   Type           Power        Failure   Level  Hunger
 Beastly Appendage        Tmut           #.....       43%         1    ##.....
 Sticks to Snakes         Tmut           #.......     56%         2    ###....
 Spider Form              Tmut/Pois      #.........   80%         3    ####...
 Ice Form                 Ice/Tmut       #.......     99%         4    #####..
 Blade Hands              Tmut           #.........   100%        5    ######.


Dungeon Overview and Level Annotations

Branches:
Dungeon (10/15)            Temple (1/1) D:5            Lair (0/6) D:8
    Orc: D:9-12

Altars:
Ashenzari
Cheibriados
Dithmenos
Elyvilon
Fedhas
Gozag
Hepliaklqana
Kikubaaqudgha
Makhleb
Nemelex Xobeh
Okawaru
Qazlal
Ru
Sif Muna
Trog
Uskayaw
Vehumet
Wu Jian
Xom
Yredelemnul
Zin
The Shining One
Beogh

Shops:
D:6 *   D:7 *   D:8 ?   D:9 (

Annotations:
D:5 2 transporters, Conn's ghost, novice OpAs
D:6 3 runed translucent doors, Zajic's ghost, novice MiBe


Innate Abilities, Weirdness & Mutations

You can breathe waves of freezing cold.
You can buffet flying creatures when you breathe cold.
Your icy white scales are hard. (AC +7)
You cannot fit into any form of body armour.
Your flesh is cold resistant. (rC+)
You are cold-blooded and may be slowed by cold attacks.


Message History

Something hits you but does no damage. You block something's attack.
Something hits you but does no damage. You block the orc's attack.
Okay, then.
Something hits you but does no damage.
An orc comes into view.
You block something's attack. Something hits you but does no damage.
Something hits you!
* * * LOW HITPOINT WARNING * * *
A quasit comes into view.
The quasit gives a chilling moan.
You hear a shout!
You block something's attack.
Unknown command.
It was a potion of degeneration.
There was something very wrong with that liquid.
You feel weakened.
You feel dopey.
You feel clumsy. Something hits you.
You die...
Your body crumbles into a pile of gold.

##.#.....####### .........
..........##### ..
##.#..........# .....#..#..
............#.##.....#..#..
##.#.#.....................
............#.....≈..#..
#.#....#..........#..#..
.......@....#...≈.#..#..
#.#....#....#.........}.
#....#O...............
..........o.........##..
#..5.......o......#.##..
.........o.Oo...........
#.#.........#.....##.#..
..#....#................
#...##..........##.##.


You could see a two-headed ogre, an orc warrior, an ogre, a quasit and 3 orcs.

Vanquished Creatures
  2 two-headed ogres
  A troll (D:9)
  Prince Ribbit (D:6)
  Duvessa (D:6)
  A wyvern (D:8)
  Sigmund (D:5)
  A water moccasin (D:5)
  3 porcupines (D:8)
  2 ice beasts
  An orc warrior (D:9)
  6 black bears
  4 sky beasts
  5 ogres
  3 centaurs
  Blork the orc (D:5)
  2 big kobolds
  A gnoll sergeant (D:6)
  4 bullfrogs
  2 scorpions
  3 killer bees (D:8)
  5 wights (D:9)
  7 crimson imps
  A howler monkey (D:9)
  4 orc priests
  A hound (D:5)
  A gnoll shaman (D:5)
  6 orc wizards
  3 jellies
  A centaur skeleton (D:9)
  A bullfrog skeleton (D:7)
  2 iguanas
  A worker ant (D:5)
  2 hound skeletons
  Robin (D:4)
  4 adders
  9 gnolls
  A shadow imp (D:5)
  2 oozes
  3 worms
  2 dart slugs (D:2)
  9 leopard geckos
  19 orcs
  A ball python (D:7)
  6 giant cockroaches
  12 goblins
  7 hobgoblins
  9 jackals
  4 quokkas
  3 bats
  4 frilled lizards
  A giant cockroach zombie (D:5)
  A jackal skeleton (D:5)
  A jackal zombie (D:5)
  18 kobolds
  A quokka skeleton (D:6)
  5 rats
203 creatures vanquished.

Vanquished Creatures (collateral kills)
  A porcupine (D:8)
  A black bear (D:8)
  A wolf (D:8)
  Dowan (D:6)
  A gnoll (D:6)
  An orc (D:4)
  A giant cockroach (D:3)
  A goblin (D:4)
  A butterfly (D:6)
9 creatures vanquished.

Vanquished Creatures (others)
  A basilisk (D:8)
  Edmund (D:4)
  A crocodile (D:8)
  A gnoll (D:3)
  A hobgoblin (D:4)
  2 bushes (D:8)
  2 fungi (D:8)
  6 plants (D:8)
15 creatures vanquished.

Grand Total: 227 creatures vanquished

Notes
Turn   | Place    | Note
-------+----------+-------------------------------------------
     0 | D:1      | Hastur the Draconian Artificer began the quest for the Orb.
     0 | D:1      | Reached XP level 1. HP: 16/16 MP: 3/3
   537 | D:1      | Reached XP level 2. HP: 25/25 MP: 4/4
  1074 | D:2      | You fall into a shaft and drop 1 floor!
  1328 | D:2      | Found a bloodstained altar of Trog,
  1438 | D:2      | Reached XP level 3. HP: 28/31 MP: 5/5
  1692 | D:2      | You fall into a shaft and drop 2 floors!
  1725 | D:4      | Found a sparkling altar of Nemelex Xobeh,
  1732 | D:4      | Noticed Robin
  1776 | D:4      | Killed Robin
  2051 | D:3      | Reached XP level 4. HP: 37/40 MP: 6/6
  2798 | D:3      | Noticed a sky beast
  4060 | D:4      | Found an ornate altar of the Wu Jian Council,
  4343 | D:4      | Reached XP level 5. HP: 24/47 MP: 8/8
  4785 | D:4      | Noticed Edmund
  4814 | D:4      | Your ally died
  4825 | D:4      | Killed an orc wizard
  4825 | D:4      | Reached skill level 5 in Fighting
  4825 | D:4      | Reached XP level 6. HP: 41/56 MP: 9/9
  5112 | D:5      | Entered Level 5 of the Dungeon
  5151 | D:4      | Reached skill level 5 in Evocations
  5677 | D:5      | Noticed Sigmund
  5683 | D:5      | Killed Sigmund
  5683 | D:5      | Your scales start taking on an icy white colour.
  5683 | D:5      | Reached XP level 7. HP: 58/64 MP: 11/11
  5683 | D:5      | Gained mutation: Your flesh is cold resistant. (rC+) [White
                  | Draconian growth]
  5685 | D:5      | Found a radiant altar of Vehumet,
  5721 | D:5      | Found a transporter,
  5722 | D:5      | Noticed Conn's ghost (novice OpAs)
  5727 | D:5      | Found a transporter,
  6620 | D:5      | Reached XP level 8. HP: 75/75 MP: 12/12
  6650 | D:5      | Found a staircase to the Ecumenical Temple,
  6670 | Temple   | Entered the Ecumenical Temple
  6804 | Temple   | Became a worshipper of Gozag Ym Sagoz the Greedy
  6879 | D:5      | Found a sparkling altar of Nemelex Xobeh,
  7382 | D:6      | Found a basalt altar of Yredelemnul,
  7686 | D:6      | Found Ciadaig's Assorted Antiques,
  7711 | D:6      | Noticed Blork the orc
  7733 | D:5      | Killed Blork the orc
  8016 | D:6      | Bought a kite shield for 139 gold pieces
  8232 | D:6      | Reached skill level 1 in Shields
  8265 | D:6      | Found a runed translucent gate,
  8265 | D:6      | Found a runed translucent gate,
  8267 | D:6      | Found a runed translucent gate,
  8268 | D:6      | Noticed Zajic's ghost (novice MiBe)
  8268 | D:6      | Identified the +1 chain mail of Amineg {Str+5}
  8271 | D:6      | Found a roughly hewn altar of Beogh,
  8327 | D:6      | HP: 3/78 [black bear (6)]
  8328 | D:6      | Reached skill level 2 in Shields
  8747 | D:6      | Noticed Dowan
  8929 | D:5      | Reached skill level 3 in Shields
  9172 | D:6      | Noticed Duvessa
  9497 | D:6      | Found a shimmering altar of Xom,
  9617 | D:6      | Noticed Prince Ribbit
  9973 | D:6      | Killed Dowan
 10051 | D:6      | Killed Duvessa
 10051 | D:6      | Reached skill level 10 in Fighting
 10051 | D:6      | Reached skill level 4 in Shields
 10192 | D:6      | Killed Prince Ribbit
 10192 | D:6      | Reached skill level 5 in Shields
 10192 | D:6      | Reached XP level 9. HP: 24/85 MP: 13/13
 10893 | D:7      | Reached skill level 6 in Shields
 11210 | D:7      | Found Fetid's Assorted Antiques,
 11233 | D:7      | Reached skill level 7 in Shields
 11661 | D:8      | Found an ancient bone altar of Kikubaaqudgha,
 11687 | D:8      | Found Loceloos's Magic Scroll Emporium,
 11716 | D:8      | Noticed a two-headed ogre
 12004 | D:8      | Killed a two-headed ogre
 12004 | D:8      | Reached skill level 9 in Shields
 12625 | D:8      | Reached XP level 10. HP: 60/93 MP: 14/14
 12652 | D:8      | Reached skill level 10 in Shields
 13183 | D:8      | Found a staircase to the Lair,
 13434 | D:8      | Found a burning altar of Makhleb,
 13438 | D:8      | Found a shimmering blue altar of Sif Muna,
 13719 | D:9      | Found a hazy altar of Hepliaklqana,
 13720 | D:9      | Found a blossoming altar of Fedhas,
 13720 | D:9      | Found a stormy altar of Qazlal,
 13752 | D:9      | Found a shadowy altar of Dithmenos,
 13922 | D:9      | Reached skill level 11 in Shields
 14659 | D:10     | Entered Level 10 of the Dungeon
 15102 | D:10     | Noticed a two-headed ogre
 15165 | D:10     | Noticed a two-headed ogre
 15181 | D:10     | Killed a two-headed ogre
 15181 | D:10     | Reached skill level 12 in Shields
 15203 | D:10     | Noticed a two-headed ogre
 15206 | D:10     | HP: 4/93 [two-headed ogre/+0 giant club (14)]
 15231 | D:10     | HP: 2/93 [something (9)]
 15241 | D:10     | HP: 1/93 [something (12)]
 15243 | D:10     | Slain by an unseen horror

Levels and vault maps discovered:
D:1:      elethiomel_arrival_quiet, layout_loops_corners,
          chequers_serial_rivers_micro_b, st_stairs_5, kennysheep_another_room
D:2:      layout_loops_ring, bloody_trog
D:3:      cheibrodos_helix_gallery, layout_basic, first_ration
D:4:      layout_cave_pods, nemelex_xobeh_ov_fountains_minmay,
          lemuel_coloured_pillars_altar, uniq_robin, uniq_edmund
D:5:      layout_basic, old_standard_altar,
          minmay_temple_entry_drinking_statues, gammafunk_ghost_smash,
          basic_altar, minmay_misc_feat_room, uniq_sigmund
D:6:      black_bear_nest_1, layout_basic, old_standard_altar, xom_butterflies,
          serial_shops, nicolae_shop_waterfront, biasface_ghost_orc_armoury,
          uniq_prince_ribbit1, uniq_duvessa, uniq_blork_the_orc
D:7:      layout_cave_pools, serial_shops, shop
D:8:      layout_basic, overflow_temple_1_default, minitemple,
          minmay_lair_entry_grove, serial_shops, shop, chequers_garden
D:9:      layout_loops_cross, nicolae_overflow_quartered_altars
D:10:     minmay_statue_hallways, layout_basic,
          kennysheep_orc_monster_closet_entryway
Temple:   nicolae_temple_figure_zero

Skill      XL: |  1  2  3  4  5  6  7  8  9 10 |
---------------+-------------------------------+-----
Fighting       | 2 3 4 5 6 8 10 | 10.1
Evocations     | 4 5 6 |  6.0
Shields        | 5 9 12 | 12.3
Short Blades   | |  1.0
Dodging        | |  1.7
Stealth        | |  0.8

Action                   |  1- 3 |  4- 6 |  7- 9 | 10-12 || total
-------------------------+-------+-------+-------+-------++-------
Melee: Short sword       |   160 |    64 |       |    55 ||   279
       Tailslap          |    18 |    27 |    53 |    43 ||   141
       Whip              |       |   148 |   437 |   207 ||   792
       Flail             |       |     6 |    11 |    12 ||    29
Throw: Dart              |       |       |    10 |       ||    10
Invok: Call Merchant     |       |       |       |     1 ||     1
 Abil: Breathe Frost     |       |       |    11 |     3 ||    14
Evoke: Wand              |     4 |    14 |    30 |     9 ||    57
  Use: Scroll            |     3 |     7 |     4 |     3 ||    17
       Potion            |       |       |     1 |     2 ||     3
 Stab: Sleeping          |     1 |       |     1 |     2 ||     4
       Distracted        |       |     1 |       |     3 ||     4
  Eat: Chunk             |     4 |     8 |     2 |       ||    14
       Ration            |       |     1 |     6 |     3 ||    10
Armor: Skin              |    55 |    70 |   198 |    95 ||   418
Dodge: Dodged            |   119 |   104 |   231 |   120 ||   574
Block: Kite shield       |       |       |   178 |   195 ||   373

Table legend:
 A = Non-vault XP
 B = Vault XP
 C = Vault XP percentage of total XP
 D = Non-vault monster count
 E = Vault monster count
 F = Vault count percentage of total count
                 A         B        C        D         E       F
            +---------+---------+-------+---------+---------+-------
      Total |    7355 |    2349 |  24.2 |     179 |      34 |  16.0
            +---------+---------+-------+---------+---------+-------
        D:1 |      10 |       4 |  28.6 |       7 |       2 |  22.2
        D:2 |      25 |       0 |   0.0 |      12 |       0 |   0.0
        D:3 |     100 |       5 |   4.8 |      23 |       1 |   4.2
        D:4 |     314 |      35 |  10.0 |      14 |      12 |  46.2
        D:5 |    1139 |     311 |  21.4 |      35 |       2 |   5.4
        D:6 |     619 |     658 |  51.5 |      17 |       4 |  19.0
        D:7 |     584 |       0 |   0.0 |      15 |       0 |   0.0
        D:8 |    1843 |    1336 |  42.0 |      20 |      13 |  39.4
        D:9 |    1584 |       0 |   0.0 |      31 |       0 |   0.0
       D:10 |    1137 |       0 |   0.0 |       5 |       0 |   0.0
            +---------+---------+-------+---------+---------+-------
